Map: 라이트쉐이드 - 래더

Players

cure - Winner!

  • Race: Terran Terran
  • Spawn Location: 11:00

Reynor

  • Race: Zerg Zerg
  • Spawn Location: 5:00

Event: StayAtHome Story Cup #3

VOD

Have the link to the VOD?

Description

Time

  • Played on: March 12, 2021, 10:04 a.m.
  • Length: 22:21

All games in this series

Show
View Real Time Build Order
Export as new Build Order

cure Terran - Winner!

Build Orders:  

Get SALT Encoding   

  12  0:00  SCV  
  13  0:12  SCV  
  14  0:17  Supply Depot  
  14  0:24  SCV  
  15  0:39  Barracks  
  15  0:49  Barracks  
  15  0:52  SCV  
  16  0:59  Refinery  
  16  1:04  SCV  
  17  1:16  SCV  
  18  1:26  Marine  
  18  1:29  Orbital Command  
  19  1:36  Marine  
  19  1:37  Supply Depot  
  20  1:43  Marine  
  21  1:54  Marine  
  22  1:56  SCV  
  23  2:01  Marine  
  23  2:05  Factory  
  23  2:08  SCV  
  25  2:11  Marine  
  26  2:19  Marine  
  26  2:22  Bunker  
  27  2:23  SCV  
  27  2:29  Marine  
  29  2:34  Supply Depot  
  29  2:35  SCV  
  30  2:40  Marine  
  31  2:47  SCV  
  31  2:48  Factory Tech Lab  
  31  2:55  Supply Depot  
  31  2:56  Marine  
  31  2:58  Marine  
  33  3:08  Cyclone  
  33  3:10  SCV  
  37  3:22  SCV  
  37  3:36  Command Center  
  37  3:40  Siege Tank  
  40  3:45  Refinery  
  40  3:47  Supply Depot  
  40  3:48  SCV  
  41  3:59  Supply Depot  
  41  4:00  SCV  
  42  4:12  SCV  
  42  4:15  Barracks Reactor  
  43  4:24  SCV  
  43  4:29  Command Center  
  43  4:30  Siege Tank  
  47  4:36  SCV  
  48  4:48  Orbital Command, SCV  
  49  4:57  Marine x2  
  51  5:00  SCV  
  52  5:07  Marine  
  52  5:12  Starport, Orbital Command, Factory Reactor, Stimpack  
  52  5:13  SCV  
  54  5:25  SCV  
  55  5:28  Marine x3  
  55  5:30  Supply Depot  
  58  5:37  SCV  
  58  5:38  SCV  
  58  5:41  Orbital Command, Barracks  
  60  5:49  SCV  
  61  5:50  SCV  
  61  5:54  Marine x3  
  65  5:58  Medivac x2  
  65  6:03  Refinery, SCV x2  
  71  6:07  Refinery  
  71  6:09  SCV  
  72  6:13  Factory Tech Lab  
  72  6:15  SCV x2, Marine x2  
  72  6:17  Marine  
  77  6:21  SCV  
  77  6:22  Engineering Bay  
  77  6:25  Engineering Bay  
  78  6:27  SCV x2  
  80  6:33  SCV, Supply Depot  
  80  6:34  Barracks Reactor  
  80  6:36  Marine  
  80  6:37  Orbital Command, Marine x2  
  81  6:41  Siege Tank  
  81  6:44  SCV x2  
  86  6:55  Combat Shield  
  86  6:57  Marine x3  
  86  7:01  Terran Infantry Armor Level 1, Terran Infantry Weapons Level 1, SCV x2  
  90  7:03  SCV  
  90  7:06  Supply Depot  
  90  7:07  Supply Depot  
  85  7:17  SCV x3  
  85  7:18  Siege Tank  
  85  7:25  Marine x4  
  85  7:26  Marine, Medivac  
  90  7:31  SCV x2  
  90  7:32  SCV  
  93  7:43  SCV  
  93  7:44  SCV x2, Armory, Barracks x2  
  96  7:49  Marine x5  
  101  7:52  Siege Tank  
  101  7:57  Supply Depot  
  101  7:58  Supply Depot  
  104  8:00  SCV x2  
  104  8:01  SCV  
  104  8:03  Refinery  
  104  8:04  Refinery  
  104  8:05  Medivac x2  
  111  8:12  SCV x2  
  112  8:13  SCV  
  112  8:16  Marine x5  
  119  8:23  Supply Depot  
  119  8:30  Siege Tank  
  119  8:32  SCV x2  
  119  8:33  SCV  
  125  8:37  Barracks Reactor x2, Marauder  
  125  8:38  Marine x4  
  125  8:40  Missile Turret, Terran Vehicle Weapons Level 1  
  131  8:46  Supply Depot  
  131  8:50  SCV  
  131  8:51  SCV x2  
  134  8:56  Terran Infantry Armor Level 2, Terran Infantry Weapons Level 2  
  134  8:58  Command Center  
  129  9:10  Marine x4  
  129  9:11  Marauder  
  129  9:12  Siege Tank  
  129  9:16  Marine x4  
  142  9:17  Medivac x2  
  142  9:21  Supply Depot  
  142  9:23  Supply Depot  
  146  9:35  Factory  
  146  9:38  Marauder, Marine x8  
  149  9:44  Siege Tank  
  157  9:48  Medivac x2  
  161  9:56  Marine x6  
  161  9:57  Marine x2  
  171  10:00  Marauder  
  171  10:01  Concussive Shells  
  169  10:14  Marine x2  
  168  10:17  Marine x3  
  168  10:18  Marine x3, Siege Tank  
  168  10:20  Factory Tech Lab  
  176  10:21  Marauder  
  176  10:24  SCV x3  
  179  10:30  Sensor Tower  
  179  10:31  Marine x2  
  179  10:34  Medivac x2  
  185  10:38  Marine x3  
  188  10:43  Supply Depot  
  188  10:46  Marine, Planetary Fortress, Siege Tank  
  188  10:47  Marauder  
  192  10:58  Marine x5  
  192  10:59  Marine  
  192  11:03  Siege Tank  
  192  11:04  Marine  
  195  11:05  Marine  
  195  11:08  Marauder  
  199  11:16  Marine x2  
  200  11:29  Barracks  
  200  11:30  Barracks  
  200  11:32  Terran Infantry Weapons Level 3, Barracks, Terran Infantry Armor Level 3  
  200  11:38  Marine x5  
  200  11:39  Marauder  
  188  11:51  Marine x3  
  188  11:52  Siege Tank x2  
  193  11:56  Marine x3  
  193  11:59  Marine x2  
  193  12:00  Marauder  
  194  12:09  Marine x3  
  194  12:10  Liberator  
  194  12:14  Marine x3  
  195  12:17  Marine x2  
  195  12:21  Marauder, Marine  
  194  12:27  Marine x3  
  186  12:31  SCV x3  
  186  12:32  Marine x2  
  186  12:34  Siege Tank x2  
  181  12:39  Barracks Tech Lab  
  181  12:40  Barracks Tech Lab  
  181  12:41  Barracks Tech Lab, SCV  
  181  12:43  SCV x2, Terran Vehicle Weapons Level 2, Marauder  
  182  12:49  Marine x6  
  188  12:53  Refinery x2  
  188  12:54  Command Center  
  188  12:55  Ghost Academy  
  186  13:04  Marauder  
  186  13:05  Liberator  
  187  13:06  Marauder, Marine, Siege Tank x2  
  187  13:12  Marauder  
  196  13:16  Marauder  
  196  13:18  Medivac  
  196  13:19  Marine x4  
  196  13:58  Marine x4  
  196  13:59  Marine x4  
  196  14:00  Marauder x3  
  196  14:01  Marauder, Medivac x2  
  136  14:15  Marine x3  
  136  14:16  Marine x3  
  132  14:17  Marine x2  
  132  14:20  Ghost  
  132  14:21  Marauder, Ghost  
  132  14:22  Marauder  
  133  14:29  Siege Tank x2  
  133  14:31  Medivac x2  
  141  14:33  Marine x4  
  141  14:34  Marine  
  141  14:36  Sensor Tower  
  148  14:42  Marauder  
  148  14:44  Marauder  
  152  14:50  Marauder x2  
  152  14:52  Marine x8  
  159  15:01  Siege Tank  
  159  15:04  Marauder  
  159  15:05  Marauder  
  166  15:09  Marine x2  
  166  15:11  SCV x4, Marauder x2  
  158  15:23  SCV x4  
  158  15:25  Marauder  
  158  15:26  Marauder  
  166  15:31  Marine x3  
  166  15:32  Marauder, Ghost  
  173  15:37  Medivac  
  173  15:41  Medivac  
  177  15:46  Ghost  
  177  15:47  Ghost  
  173  15:51  Siege Tank x2  
  173  15:56  Ghost  
  180  16:07  Medivac  
  180  16:09  Ghost  
  184  16:14  Ghost  
  186  16:25  Planetary Fortress  
  186  16:26  Marine  
  187  16:34  Command Center  
  187  16:41  Marine x2  
  187  16:42  Marine  
  187  16:43  Marauder  
  187  16:44  Marauder  
  154  16:48  Marauder x2, Marine x5  
  139  16:57  Siege Tank  
  139  16:59  Marine x2  
  139  17:00  Marine  
  124  17:04  Ghost  
  124  17:05  Marauder, Marine x2  
  124  17:06  Marine  
  124  17:07  Marine x2  
  133  17:09  Ghost  
  133  17:10  Marauder  
  137  17:24  Marine x3  
  137  17:26  Marauder  
  142  17:30  Orbital Command  
  142  17:31  Medivac x2  
  143  17:48  Ghost x2  
  143  17:49  Marauder x2, Marine x2  
  152  17:55  Siege Tank  
  155  18:03  Siege Tank  
  158  18:08  Marine  
  158  18:10  Marine, Ghost  
  158  18:11  Marauder  
  158  18:12  Marine x3  
  167  18:18  SCV x4  
  171  18:26  Missile Turret  
  171  18:30  Marine  
  172  18:42  Marine x2  
  172  18:44  Marine x2  
  172  18:46  Marine  
  172  18:47  Marauder  
  171  18:48  Marauder  
  171  18:55  Siege Tank x2  
  164  18:56  Ghost  
  164  18:58  SCV x3  
  164  18:59  SCV, Ghost  
  172  19:09  Supply Depot  
  172  19:10  SCV, Marine x3  
  172  19:11  Marauder, Supply Depot  
  177  19:27  Siege Tank  
  177  19:30  Siege Tank  
  181  19:33  Marine x2  
  181  19:34  Marauder x2  
  148  19:53  Marine x4  
  148  19:54  Marauder, Marine  
  148  19:59  Siege Tank  
  158  20:02  Siege Tank  
  158  20:04  Marine x2  
  158  20:05  Marauder x2  
  167  20:08  Medivac  
  169  20:25  Marine x4  
  169  20:26  Marauder x2  
  177  20:31  Siege Tank  
  177  20:34  Marine x5  
  177  20:35  Marauder  
  174  20:49  Marine x4  
  170  20:50  Marauder x2  
  170  20:52  Marine x2  
  170  20:55  Siege Tank  
  154  21:06  Siege Tank  
  154  21:07  Ghost x2  
  154  21:11  Marauder, Marine  
  164  21:27  Marauder, Marine x3, Siege Tank  
  170  21:36  Marine x2  
  170  21:37  Marauder x2  
  170  21:38  Marine x2, Siege Tank  
  181  21:41  Marine x2  
  181  21:44  Marine x2  
  185  21:49  Marauder, Marine  
Show
View Real Time Build Order
Export as new Build Order

Reynor Zerg 

Build Orders: Pool First 

Get SALT Encoding   

  12  0:01  Drone  
  13  0:13  Overlord  
  13  0:16  Drone  
  14  0:31  Drone x2  
  16  0:40  Spawning Pool  
  15  0:44  Drone  
  15  0:47  Drone  
  17  1:08  Hatchery  
  17  1:11  Drone  
  17  1:14  Extractor  
  16  1:27  Zergling x4  
  16  1:28  Zergling x2  
  19  1:33  Roach Warren  
  18  1:42  Drone  
  19  1:48  Queen  
  21  1:57  Overlord  
  21  2:16  Roach x2  
  21  2:21  Roach  
  27  2:25  Roach  
  29  2:31  Roach  
  29  2:34  Overlord  
  31  2:43  Roach  
  33  2:54  Drone x2  
  33  2:55  Drone  
  36  3:03  Roach  
  36  3:08  Roach  
  36  3:12  Overlord  
  38  3:16  Drone  
  38  3:19  Drone  
  40  3:24  Ravager  
  40  3:25  Drone  
  42  3:29  Drone  
  42  3:31  Drone  
  44  3:39  Drone x2  
  46  3:46  Overlord  
  45  3:49  Ravager  
  45  3:50  Drone  
  47  3:57  Drone  
  47  3:58  Queen  
  50  4:03  Drone  
  50  4:06  Drone x3  
  54  4:11  Overlord  
  54  4:13  Drone  
  55  4:22  Queen  
  55  4:23  Drone x2  
  59  4:37  Hatchery  
  58  4:39  Drone x2  
  58  4:44  Metabolic Boost  
  60  4:48  Queen  
  60  4:52  Overlord  
  62  4:53  Drone  
  62  4:55  Drone  
  62  4:57  Drone  
  65  5:01  Queen  
  65  5:05  Drone  
  65  5:07  Overlord  
  68  5:11  Drone x3  
  71  5:16  Drone  
  71  5:17  Evolution Chamber  
  71  5:20  Drone  
  72  5:27  Extractor, Lair  
  72  5:28  Extractor, Overlord  
  70  5:29  Drone  
  70  5:30  Drone  
  70  5:31  Drone  
  70  5:34  Overlord  
  73  5:39  Queen  
  73  5:41  Drone  
  76  5:47  Drone x3  
  81  5:50  Zergling x6  
  81  5:54  Overlord  
  81  6:00  Drone  
  81  6:01  Zergling x2  
  83  6:05  Drone  
  83  6:07  Zerg Ground Armor Level 1  
  83  6:10  Evolution Chamber  
  83  6:11  Drone  
  86  6:15  Drone x3  
  87  6:19  Drone x2  
  87  6:21  Overlord  
  87  6:22  Roach  
  87  6:23  Roach x2  
  95  6:26  Roach  
  95  6:31  Overlord  
  98  6:32  Drone  
  98  6:33  Drone x2  
  98  6:35  Roach  
  98  6:38  Drone  
  102  6:41  Roach  
  102  6:45  Roach x3  
  102  6:46  Overlord  
  107  6:48  Roach  
  107  6:49  Ravager  
  107  6:51  Zergling x2, Roach  
  113  6:54  Extractor, Zergling x2, Roach  
  113  6:58  Ravager x2  
  113  6:59  Drone  
  113  7:00  Drone  
  119  7:01  Drone x2  
  119  7:02  Drone  
  119  7:04  Overlord  
  108  7:16  Roach x3  
  108  7:17  Queen  
  108  7:19  Drone x2  
  114  7:23  Drone x3  
  114  7:29  Zerg Missile Weapons Level 1  
  117  7:30  Extractor, Glial Reconstitution  
  117  7:31  Extractor  
  117  7:32  Drone x4  
  117  7:33  Drone  
  117  7:35  Drone x2  
  122  7:40  Hatchery, Overlord  
  122  7:41  Drone x2  
  123  7:45  Zergling x4, Spore Crawler  
  123  7:47  Spore Crawler  
  123  7:49  Zergling x2  
  124  7:57  Zergling x4  
  126  7:58  Overlord  
  126  7:59  Zergling x2, Roach  
  126  8:02  Zerg Ground Armor Level 2, Roach x3  
  135  8:06  Drone  
  135  8:09  Drone x4, Spore Crawler  
  139  8:13  Drone  
  139  8:16  Spore Crawler  
  139  8:17  Infestation Pit  
  139  8:19  Roach x2  
  140  8:25  Overlord  
  140  8:29  Drone  
  140  8:30  Drone  
  140  8:31  Drone  
  140  8:32  Drone x2  
  145  8:37  Zergling x14  
  145  8:38  Baneling Nest  
  151  8:43  Overlord  
  151  8:46  Ravager x2  
  151  8:47  Zergling x4  
  155  8:54  Hive  
  155  8:55  Overlord  
  154  8:57  Zergling x4, Roach  
  157  9:05  Overlord  
  157  9:09  Drone x7  
  157  9:13  Roach  
  157  9:15  Drone, Queen  
  157  9:16  Drone  
  163  9:18  Evolution Chamber  
  163  9:19  Spore Crawler x2  
  161  9:25  Zerg Melee Weapons Level 1  
  161  9:27  Zergling x14  
  168  9:32  Overlord  
  168  9:35  Zergling x6  
  168  9:40  Hatchery, Centrifical Hooks  
  168  9:42  Zergling x8  
  168  9:45  Zergling x2  
  170  9:48  Drone x3  
  170  9:49  Extractor  
  170  9:50  Extractor  
  171  9:53  Zergling x10  
  171  9:57  Drone  
  171  9:59  Overlord  
  177  10:02  Zergling x4  
  177  10:06  Zergling x2  
  177  10:11  Zergling x6, Roach  
  176  10:15  Zergling x4  
  176  10:17  Roach  
  176  10:19  Drone  
  176  10:21  Viper  
  176  10:23  Ultralisk Cavern, Viper  
  176  10:25  Viper  
  176  10:28  Adrenal Glands  
  184  10:29  Zerg Ground Armor Level 3  
  184  10:36  Overlord  
  184  10:39  Drone x6  
  184  10:41  Overlord  
  190  10:42  Baneling  
  190  10:43  Baneling x15  
  181  11:10  Ultralisk  
  181  11:11  Ultralisk x2  
  199  11:13  Hatchery, Zergling x2  
  199  11:17  Baneling x9  
  195  11:25  Zergling x8  
  199  11:39  Zergling x12  
  199  11:45  Zergling x26  
  195  11:50  Overlord  
  192  11:59  Overlord  
  191  12:06  Overlord  
  191  12:07  Baneling  
  191  12:08  Hatchery, Baneling x7  
  189  12:13  Zergling x10  
  189  12:14  Zergling x2  
  182  12:19  Chitinous Plating  
  182  12:21  Zergling x4  
  182  12:22  Baneling x16  
  182  12:23  Zergling x2  
  182  12:24  Zergling x4  
  182  12:25  Zergling x2  
  171  12:32  Zergling x4  
  171  12:35  Ultralisk  
  155  12:42  Zergling x8, Ultralisk x2  
  171  12:48  Zergling x4  
  171  12:50  Zergling x2, Ultralisk  
  171  12:51  Baneling x3  
  180  12:52  Zergling x6  
  180  12:55  Zergling x2  
  180  12:58  Zergling x2  
  185  13:04  Zergling x2  
  185  13:05  Zergling x2  
  183  13:06  Zergling x2  
  184  13:13  Zergling x8, Ultralisk  
  184  13:16  Zergling x2  
  184  13:17  Zerg Melee Weapons Level 2, Zergling x2  
  196  13:24  Drone x2  
  196  13:25  Drone  
  196  13:26  Extractor  
  198  13:27  Extractor  
  198  13:30  Baneling x10  
  197  13:38  Anabolic Synthesis  
  197  13:39  Zergling x4  
  199  13:42  Overlord  
  199  13:46  Overlord  
  199  13:53  Overlord  
  199  14:00  Zergling x28  
  183  14:05  Ultralisk  
  183  14:07  Zergling x6  
  172  14:10  Zergling x2  
  172  14:12  Zergling x2  
  172  14:16  Drone x2, Queen  
  169  14:19  Zergling x6  
  169  14:23  Queen, Zergling x2, Ultralisk  
  169  14:24  Zergling x2  
  169  14:26  Zergling x2  
  171  14:31  Drone x3  
  171  14:34  Drone x2  
  171  14:35  Baneling x5  
  171  14:36  Baneling x5  
  176  14:38  Zergling x4  
  176  14:43  Zergling x4  
  179  14:46  Zergling x2  
  179  14:47  Zergling x2  
  179  14:49  Zergling x2  
  181  14:54  Zergling x10  
  181  14:59  Zergling x6  
  189  15:07  Zergling x6  
  185  15:15  Zergling x6  
  185  15:18  Hatchery, Zergling x2  
  178  15:21  Zergling x4  
  178  15:25  Hatchery  
  178  15:27  Drone x5  
  175  15:39  Zergling x6, Ultralisk  
  175  15:41  Baneling x21  
  175  15:42  Zergling x2  
  184  15:48  Zergling x4  
  185  15:51  Zergling x2  
  185  15:52  Zergling x8  
  190  15:58  Zergling x4  
  190  16:03  Zergling x10  
  197  16:08  Drone x3  
  194  16:23  Drone x5  
  197  16:28  Hatchery, Baneling x8  
  196  16:38  Zergling x22  
  197  16:45  Zergling x4  
  172  16:49  Zergling x8  
  172  16:53  Zergling x6  
  151  16:57  Zergling x4  
  151  16:58  Zergling x2  
  151  17:00  Queen  
  134  17:02  Zergling x2, Ultralisk  
  134  17:04  Roach  
  134  17:07  Zergling x2  
  144  17:12  Zergling x6  
  146  17:16  Roach  
  145  17:28  Drone x5  
  149  17:31  Zergling x2, Ultralisk  
  149  17:35  Drone x2  
  156  17:38  Ravager x2  
  156  17:39  Zergling x2  
  158  17:46  Zergling x6  
  158  17:49  Drone  
  161  17:52  Zergling x2  
  162  18:04  Hatchery  
  160  18:06  Zergling x16  
  160  18:12  Zergling x8  
  172  18:17  Infestor x2  
  176  18:20  Zergling x6  
  176  18:22  Zergling x2  
  180  18:33  Baneling  
  180  18:34  Baneling x11, Zergling x2  
  180  18:35  Zergling x14  
  169  18:52  Zergling x14  
  163  18:57  Zergling x6  
  166  19:07  Baneling x6  
  166  19:08  Zergling x20  
  176  19:12  Burrow  
  176  19:15  Zergling x6  
  176  19:16  Zergling x6  
  182  19:17  Hatchery  
  182  19:20  Zergling x4  
  180  19:26  Zergling x6  
  180  19:30  Zergling x4  
  176  19:35  Zergling x4, Ultralisk  
  133  19:39  Zergling x2  
  133  19:43  Zergling x6  
  128  19:50  Baneling x6, Roach x2  
  128  19:51  Roach x3  
  136  20:01  Ultralisk  
  142  20:09  Zergling x10  
  147  20:19  Ravager x2  
  147  20:20  Ravager  
  150  20:22  Zergling x14  
  150  20:23  Zergling x2  
  157  20:33  Zergling x2, Ultralisk  
  157  20:35  Zergling x2  
  155  20:44  Zergling x10  
  155  20:48  Zergling x4  
  135  21:03  Zergling x8, Ultralisk  
  142  21:12  Zergling x2, Ultralisk  
  142  21:18  Zergling x6  
  152  21:25  Zergling x6  
  153  21:34  Infestor, Zergling x6, Roach  
  153  21:35  Infestor  
  153  21:37  Zergling x6  
  154  21:43  Zergling x6  
  151  21:47  Zergling x2  
  151  21:52  Zergling x2  
  151  21:53  Zergling x2  
  159  21:59  Zergling x2  
  157  22:01  Zergling x4  
Tags
 
Add a new tag
Caveats
  • Supply blocks, unpowered buildings, or Contaminate may cause inaccurate times.
  • Supply counts are checked every 10 seconds.